 Dungeon Crawl Stone Soup version 0.28-a0-1182-g381e24db82 (webtiles) character file.

Game seed: 17779082820629906912

361 lonewolfV2 the Slasher (level 6, -1/55 HPs)
             Began as a Minotaur Fighter on Dec 16, 2021.
             Killed by divine providence
             ... invoked by an orc priest
              (12 damage)
             ... on level 3 of the Dungeon.
             The game lasted 00:03:22 (2435 turns).

lonewolfV2 the Slasher (Minotaur Fighter)           Turns: 2435, Time: 00:03:22

Health: -1/55      AC:  7    Str: 20 (22) XL:     6   Next: 38%
Magic:  5/5        EV: 10    Int:  2 (5)  God:
Gold:   23         SH:  4    Dex:  8 (10) Spells: 5/5 levels left

rFire   . . .      SeeInvis .   a - +0 long sword
rCold   . . .      Faith    .   c - +0 buckler
rNeg    . . .      Spirit   .   b - +0 scale mail
rPois   .          Reflect  .   (helmet restricted)
rElec   .          Harm     .   h - scarf {repulsion}
rCorr   .          Rampage  .   (no gloves)
Will    .....                   (no boots)
Stlth   ..........              (no amulet)
HPRegen 0.18/turn               (no ring)
MPRegen 0.09/turn               (no ring)

@: repel missiles
A: horns 2, retaliatory headbutt
a: no special abilities


You were on level 3 of the Dungeon.
You visited 1 branch of the dungeon, and saw 3 of its levels.

You collected 23 gold pieces.

Inventory:

Hand Weapons
 a - a +0 long sword (weapon)
Armour
 b - a +0 scale mail (worn)
 c - a +0 buckler (worn)
 h - a scarf of repulsion (worn)
Jewellery
 g - a ring of ice
Wands
 j - a wand of polymorph (2)
Scrolls
 e - 3 scrolls of identify {unknown}
 f - a scroll of teleportation
 i - a scroll of magic mapping {unknown}


   Skills:
 + Level 4.9 Fighting
 + Level 5.7 Long Blades
 + Level 4.8 Armour
 + Level 1.5 Dodging
 + Level 0.1 Stealth
 + Level 4.6 Shields


You had 5 spell levels left.
You didn't know any spells.
Your spell library contained the following spells:

 Spells                   Type           Power      Damage    Failure   Level
 Ozocubu's Armour         Ice            0%         N/A       99%         3
 Ozocubu's Refrigeration  Ice            0%         4d5       100%        7


Dungeon Overview and Level Annotations

Branches:
Dungeon (3/15)

Altars:


Innate Abilities, Weirdness & Mutations

You have a pair of horns on your head.
You reflexively headbutt those who attack you in melee.


Message History

You closely miss the orc priest.
The orc priest is severely wounded.
The orc priest looks encouraged for a moment.
The orc priest looks satisfied for a moment.
You hit the orc priest.
You kill the orc priest!
You feel your dexterity returning.
You barely miss the orc. Your headbutt misses the orc.
You block the orc's attack.
You barely miss the orc. The orc barely misses you.
The orc priest begins to cast a cantrip, but forgets the words!
You barely miss the orc. The orc hits you with a +0 club.
* * * LOW HITPOINT WARNING * * *
You hit the orc. Your headbutt misses the orc.
The orc is heavily wounded.
The orc hits you with a +0 club.
* * * LOW HITPOINT WARNING * * *
You closely miss the orc.
The orc is heavily wounded.
The orc barely misses you.
The orc priest miscasts a cantrip.
The orc closely misses you.
You closely miss the orc.
The orc is heavily wounded.
The orc barely misses you.
You slash the orc!
You kill the orc!
The orc priest barely misses you.
You closely miss the orc priest. You headbutt the orc priest.
The orc priest is almost dead.
The orc priest closely misses you.
You hit the orc priest but do no damage.
The orc priest is almost dead.
The orc priest hits you with a +0 mace.
* * * LOW HITPOINT WARNING * * *
You closely miss the orc priest.
The orc priest is almost dead.
The orc priest calls down the wrath of Beogh upon you.
Beogh smites you!
You die...

.............#.#.##
#.......########.#.#...
#.......# #.#.#...
#.......# #.#.#...
#.......# #.#.#...
##.......# #.#.#... .......
#.#.#...
#######..###########.#.#...
........>o@..........#.#...
######.###############.#...
#. #.#... #. ########.#..#
#. #...........# #.
#.######.#.## #. #.# #.....
#.########.######...##
..................#


You could see an orc priest.

Vanquished Creatures
  Sigmund (D:2)
  An orc priest (D:3)
  Natasha (thrice) (D:3)
  4 adders
  A worm (D:3)
  2 dart slugs (D:2)
  5 orcs (D:3)
  2 ball pythons (D:1)
  4 bats
  6 endoplasms
  2 giant cockroaches
  4 goblins
  4 hobgoblins (D:1)
  4 kobolds
  A quokka (D:3)
  4 frilled lizards
  8 rats
56 creatures vanquished.

Notes
Turn   | Place    | Note
-------+----------+-------------------------------------------
     0 | D:1      | lonewolfV2 the Minotaur Fighter began the quest for the
                  | Orb.
     0 | D:1      | Reached XP level 1. HP: 19/19 MP: 0/0
   130 | D:1      | Reached XP level 2. HP: 27/27 MP: 1/1
   389 | D:1      | Found a faded altar of an unknown god.
   777 | D:2      | Reached XP level 3. HP: 34/34 MP: 2/2
   902 | D:2      | Reached skill level 3 in Long Blades
  1272 | D:2      | Noticed Sigmund
  1286 | D:2      | Killed Sigmund
  1287 | D:2      | Reached skill level 4 in Long Blades
  1287 | D:2      | Reached skill level 1 in Dodging
  1287 | D:2      | Reached XP level 4. HP: 14/41 MP: 3/3
  1287 | D:2      | Reached XP level 5. HP: 17/47 MP: 4/4
  1917 | D:3      | Noticed Natasha
  1931 | D:3      | Reached skill level 5 in Long Blades
  1932 | D:3      | Killed Natasha
  1933 | D:3      | Reached XP level 6. HP: 13/55 MP: 5/5
  1949 | D:3      | Noticed Natasha
  1956 | D:3      | Killed Natasha
  2353 | D:3      | Noticed Natasha
  2368 | D:3      | Killed Natasha
  2435 | D:3      | Killed from afar by an orc priest

Illustrated notes

Levels and vault maps discovered:
D:1:      zaba_arrival_water, layout_basic, chequers_ecumenical_altar_simple,
          nicolae_figureground_pulse
D:2:      layout_basic, uniq_sigmund
D:3:      layout_basic, glass_columns_a, minmay_three_crescents, uniq_natasha

Skill      XL: |  1  2  3  4  5 |
---------------+----------------+-----
Fighting       | 4 |  4.9
Shields        | 4 |  4.6
Long Blades    | 4 5 |  5.7
Armour         | 4 |  4.8
Dodging        | 1 |  1.5
Stealth        | |  0.1

Action                   |  1- 3 |  4- 6 || total
-------------------------+-------+-------++-------
Melee: Long sword        |    67 |    54 ||   121
       Headbutt          |    12 |     7 ||    19
       Unarmed           |       |     9 ||     9
  Use: Scroll            |     2 |       ||     2
       Potion            |       |     3 ||     3
Armor: Scale mail        |    27 |    17 ||    44
       Skin              |       |     2 ||     2
Dodge: Dodged            |    32 |    39 ||    71
Block: Buckler           |    12 |     6 ||    18

Table legend: (Time is in decaauts)
 A = Elapsed time spent in this place.
 B = Non-inter-level travel time spent in this place.
 C = Inter-level travel time spent in this place.
 D = Time resting spent in this place.
 E = Time spent auto-exploring this place.
 F = Levels seen in this place.
 G = Mean time per level.
                   A        B        C        D        E       F      G
               +--------+--------+--------+--------+--------+-----+--------+
         Total |   2475 |   2370 |    105 |    359 |   1524 |   3 |  825.0 |
       Dungeon |   2475 |   2370 |    105 |    359 |   1524 |   3 |  825.0 |
               +--------+--------+--------+--------+--------+-----+--------+

Top non-repeatable levels by time:
     D:2: 1082 daAuts
     D:1: 758 daAuts
     D:3: 635 daAuts
